Map: Ever Dream LE

Players

Darkness

  • Race: Protoss Protoss
  • League: Grandmaster
  • Spawn Location: 1:00

Erik - Winner!

  • Race: Zerg Zerg
  • Spawn Location: 7:00

Event: DreamHack SC2 Masters 2020 Summer Latin America

VOD

Have the link to the VOD?

Description

Time

  • Played on: June 24, 2020, 4:31 p.m.
  • Length: 7:50

All games in this series

Show
View Real Time Build Order
Export as new Build Order

Darkness Protoss 

Build Orders: Phoenix Opening 

Get SALT Encoding   

  12  0:00  Probe  
  13  0:13  Probe  
  14  0:17  Pylon  
  14  0:24  Probe  
  15  0:33  Probe  
  15  0:39  Gateway  
  15  0:41  Probe  
  16  0:47  Assimilator  
  17  0:51  Probe  
  18  1:03  Probe  
  19  1:15  Probe  
  20  1:27  Gateway  
  20  1:28  Cybernetics Core  
  20  1:30  Probe, Pylon  
  21  1:37  Zealot  
  23  1:48  Probe  
  24  1:54  Adept  
  24  1:58  Assimilator  
  24  2:00  Probe  
  24  2:07  Warp Gate  
  26  2:12  Probe  
  27  2:22  Stalker  
  29  2:31  Probe  
  30  2:53  Pylon  
  30  2:57  Sentry  
  31  3:12  Sentry  
  34  3:18  Nexus  
  33  3:25  Shield Battery  
  33  3:28  Probe  
  33  3:33  Sentry  
  36  3:39  Pylon  
  36  3:42  Probe  
  36  3:44  Phoenix  
  37  3:56  Pylon  
  37  3:58  Sentry  
  37  4:00  Probe  
  40  4:09  Phoenix, Robotics Facility  
  40  4:11  Probe  
  41  4:19  Pylon  
  41  4:20  Probe  
  42  4:28  Probe x2  
  42  4:36  Probe  
  44  4:39  Probe  
  44  4:45  Probe  
  46  4:49  Probe  
  48  4:53  Probe  
  48  4:57  Probe  
  48  4:58  Observer  
  50  5:01  Probe  
  50  5:05  Probe  
  52  5:08  Robotics Bay  
  52  5:09  Immortal  
  52  5:12  Probe  
  54  5:17  Probe  
  59  5:24  Probe  
  60  5:29  Probe  
  60  5:33  Nexus  
  61  5:35  Sentry x2  
  61  5:36  Probe  
  61  5:41  Probe  
  66  5:44  Warp Prism  
  66  5:46  Assimilator  
  66  5:48  Probe  
  66  5:49  Assimilator  
  67  5:54  Probe  
  70  5:58  Gravitic Drive  
  70  6:00  Probe  
  71  6:05  Pylon  
  71  6:06  Probe  
  71  6:09  Pylon  
  72  6:12  Probe  
  72  6:15  Stalker x2  
  72  6:18  Probe  
  78  6:24  Gateway  
  78  6:28  Disruptor  
  78  6:30  Probe  
  80  6:34  Shield Battery  
  80  6:36  Shield Battery  
  80  6:38  Gateway  
  83  6:43  Zealot  
  76  6:57  Stalker  
  76  6:59  Probe  
  77  7:01  Disruptor  
  77  7:04  Probe x2  
  78  7:08  Stalker  
  78  7:12  Pylon  
  80  7:20  Stalker x2  
  74  7:34  Zealot x2  
Show
View Real Time Build Order
Export as new Build Order

Erik Zerg - Winner!

Build Orders: Pool First 

Get SALT Encoding   

  12  0:01  Drone  
  13  0:08  Drone  
  14  0:14  Extractor  
  14  0:15  Drone  
  15  0:24  Overlord  
  15  0:37  Spawning Pool  
  15  0:42  Drone  
  15  0:45  Drone  
  15  0:49  Drone  
  17  0:52  Extractor  
  16  1:14  Hatchery  
  15  1:24  Zergling x4  
  17  1:27  Zergling x2  
  18  1:37  Zergling x2  
  19  2:00  Metabolic Boost  
  19  2:01  Drone  
  20  2:09  Hatchery  
  20  2:13  Drone  
  20  2:16  Drone  
  21  2:24  Overlord  
  21  2:25  Evolution Chamber  
  21  2:30  Drone  
  22  2:42  Queen  
  25  2:46  Drone, Extractor  
  25  2:55  Drone  
  26  3:03  Drone  
  27  3:07  Extractor  
  27  3:13  Drone  
  27  3:17  Hatchery, Queen  
  29  3:21  Queen  
  29  3:22  Drone  
  29  3:25  Drone  
  29  3:26  Extractor  
  33  3:33  Drone  
  34  3:44  Overlord  
  34  3:45  Drone x2  
  36  3:58  Overlord  
  36  4:02  Drone x3  
  39  4:04  Drone  
  39  4:05  Drone  
  39  4:09  Queen  
  41  4:15  Drone  
  44  4:17  Drone  
  44  4:21  Lair  
  45  4:25  Roach Warren  
  45  4:26  Drone  
  45  4:28  Drone x2  
  48  4:31  Drone  
  48  4:34  Drone  
  48  4:37  Queen  
  51  4:42  Drone  
  51  4:43  Drone, Extractor  
  51  4:44  Extractor  
  51  4:47  Overlord  
  50  4:58  Drone x2  
  50  4:59  Drone  
  53  5:00  Drone x4  
  53  5:04  Extractor  
  56  5:08  Overlord  
  56  5:12  Roach x4  
  64  5:20  Overlord x2  
  64  5:26  Glial Reconstitution  
  64  5:36  Overlord  
  64  5:41  Roach x6  
  75  5:54  Roach x5  
  85  5:58  Overlord  
  85  6:00  Overlord  
  85  6:08  Zergling x2  
  85  6:09  Zergling x6  
  89  6:17  Zergling x12  
  89  6:18  Zergling x2  
  96  6:20  Ravager  
  96  6:21  Ravager x3  
  96  6:23  Ravager x2  
  103  6:25  Ravager  
  103  6:28  Ravager  
  103  6:29  Zergling x4  
  104  6:34  Ravager  
  104  6:37  Overlord x2  
  104  6:50  Ravager  
  98  6:58  Zergling x20  
  105  7:09  Drone x8  
  104  7:29  Roach x7  
Tags
 
Add a new tag
Caveats
  • Supply blocks, unpowered buildings, or Contaminate may cause inaccurate times.
  • Supply counts are checked every 10 seconds.